 Dungeon Crawl Stone Soup version 0.31-a0-949-g57150269e1 (webtiles) character file.

Game seed: 3888344068452749627

255 LeprechaunX the Changeling (level 6, 0/40 HPs)
             Began as an Octopode Shapeshifter on Oct 23, 2023.
             Was an Initiate of Ru.
             Slain by an orc wizard
             ... wielding a +0 dagger
              (4 damage)
             ... on level 3 of the Dungeon.
             The game lasted 00:06:15 (2945 turns).

LeprechaunX the Changeling (Octopode Shapeshifter)  Turns: 2945, Time: 00:06:16

Health: 0/40       AC:  1    Str: 15    XL:     6   Next: 15%
Magic:  6/6        EV: 13    Int: 12    God:    Ru [......]
Gold:   291        SH:  0    Dex: 12    Spells: 5/5 levels left

rFire   . .          .
                       - Unarmed
rCold   . . .        l - +0 buckler
rNeg    . . .        (helmet currently unavailable)
rPois   .            (no amulet)
rElec   .            t - ring of flight
rCorr   .            (no ring)
SInv    .            (no ring)
Will    .....        (no ring)
Stlth   ++           (no ring)
HPRegen 0.26/turn    (no ring)
MPRegen 0.10/turn    (no ring)
                     (no ring)

%: no passive effects
@: confused, beast-form, flying
A: beast (slay +2), almost no armour, amphibious, 8 rings, camouflage 1,
gelatinous body 1, (nimble swimmer 1), tentacles
a: Begin Untransformation, Renounce Religion


You were on level 3 of the Dungeon.
You worshipped Ru.
Ru was noncommittal.
You were a hulking beast.
You visited 1 branch of the dungeon, and saw 4 of its levels.
You also visited: Sewer.

You collected 291 gold pieces.

Inventory:

Hand Weapons
 a - a +0 sling
Armour
 l - a +0 buckler (worn)
Jewellery
 t - a ring of flight (left tentacle)
Talismans
 b - a beast talisman (active)
 c - a flux talisman
Wands
 m - a wand of flame (9)
Scrolls
 d - 9 scrolls of teleportation
 e - 4 scrolls of identify {unknown}
 h - a scroll of fog {unknown}
 i - a scroll of amnesia {unknown}
 k - a scroll of torment {unknown}
 n - a scroll of revelation {unknown}
 q - a scroll of vulnerability {unknown}
 r - a scroll of enchant armour {unknown}
Potions
 f - a potion of curing {unknown}
 g - a potion of lignification
 j - a potion of attraction {unknown}
 o - 2 potions of resistance {unknown}
 p - 4 potions of enlightenment
 s - 2 potions of mutation {unknown}


   Skills:
 + Level 2.3 Fighting
 + Level 1.8 Ranged Weapons
 + Level 2.9 Dodging
 + Level 1.7 Shields
 + Level 3.6 Unarmed Combat
 * Level 4.2 Shapeshifting


You had 5 spell levels left.
You didn't know any spells.
Your spell library was empty.

Dungeon Overview and Level Annotations

Branches:
Dungeon (4/15)             Temple (0/1) D:4           Sewer (visited)

Altars:
Dithmenos
Elyvilon
Nemelex Xobeh
Ru
Sif Muna

Shops:
D:1 =


Innate Abilities, Weirdness & Mutations

You are a hulking beast.
Your limbs bulge with bestial killing power. (Slay +2)
You cannot wear most types of armour.
You are amphibious.
You can wear up to eight rings at the same time.
Your skin changes colour to match your surroundings (Stealth+).
Your rubbery body absorbs attacks. (AC +1, EV +1)
((You are camouflaged when in or above water. (Stealth+)))
You have tentacles for arms and can constrict up to eight enemies at once.


Message History

You tentacle-slap the orc. You grab the orc. You squeeze the orc.
You kill the orc!
You tentacle-slap the orc wizard. You grab the orc wizard.
The orc wizard is moderately wounded.
You constrict the orc wizard, but do no damage.
The orc wizard mumbles some strange words.
The orc wizard flickers and vanishes!
Deactivating autopickup; reactivate with Ctrl-A.
You release your grip on something.
You fly upwards.
Reactivating autopickup.
There is a stone staircase leading down here.
Deactivating autopickup; reactivate with Ctrl-A.
You tentacle-slap something. Something hits you but does no damage.
The orc hits you with a +0 flail!
You miss something. Something hits you. The orc hits you with a +0 flail.
You miss something. Something barely misses you.
The orc hits you with a +0 flail!
You tentacle-slap something. Your squeeze misses something.
You hear some strange, mumbled words.
You are confused.
The orc barely misses you.
You closely miss something. Your squeeze misses something. Something hits you.
The orc barely misses you.
Unknown command.
You're too confused to move!
Something hits you.
* * * LOW HITPOINT WARNING * * *
The orc hits you with a +0 flail.
* * * LOW HITPOINT WARNING * * *
Unknown command.
You closely miss something. Something hits you.
* * * LOW HITPOINT WARNING * * *
The orc barely misses you.
Unknown command.
You bump into the rock wall.
Something hits you.
* * * LOW HITPOINT WARNING * * *
The orc closely misses you.
Unknown command.
You miss something. Your squeeze misses something. Something hits you.
You die...

......######.###.#.#+##.####†####
......##.......#.#.#..#.#[.#.##.#
......##.###.#.#.#.#..'.'..#.#...
......##.###.....#.####.####.#..#
######.......###.............#...
#.#.#.....###############...
#.#.........................
#.........{...##.##....###.#
#...#####.oh##.#.......###.#
###...#~~~#...##.#............
#.....#~~~#...............##.#
#.....#~.~#......#.####.####..
#.>...#~~~#......#......# #.#
#.#...#~~~#..#######.##.# #.#
#.##..##'##.....# #.##.# #.#
####.........##.# #.##.# #.#
#.##.#####...####.##.####.#


You could see an orc.

Vanquished Creatures
  A sickly merfolk siren (Sewer)
  A malarious merfolk avatar (Sewer)
  3 gnolls (D:2)
  A river rat (Sewer)
  7 adders
  2 dart slugs
  3 worms (D:3)
  7 orcs
  11 ball pythons
  8 bats
  5 endoplasms
  9 giant cockroaches
  4 goblins
  2 hobgoblins
  3 quokkas
  8 frilled lizards
  5 kobolds
  17 rats (Sewer)
97 creatures vanquished.

Notes
Turn   | Place    | Note
-------+----------+-------------------------------------------
     0 | D:1      | LeprechaunX the Octopode Shapeshifter began the quest for
                  | the Orb.
     0 | D:1      | Reached XP level 1. HP: 13/13 MP: 1/1
   459 | D:1      | Reached XP level 2. HP: 18/18 MP: 2/2
   568 | D:1      | Found a faded altar of an unknown god.
   569 | D:1      | Noticed a shining eye
   599 | D:1      | Noticed a golden eye
   602 | D:1      | Noticed a shining eye
   602 | D:1      | Noticed a shining eye
   624 | D:1      | Found Hayll's Jewellery Emporium.
  1098 | D:2      | Reached XP level 3. HP: 23/23 MP: 3/3
  1254 | D:2      | Identified the +0 dagger of the Mind {protect, Contam rF+++
                  | rCorr Dex-5}
  1430 | D:2      | Reached skill level 1 in Ranged Weapons
  1430 | D:2      | Reached XP level 4. HP: 18/29 MP: 4/4
  1607 | D:3      | Found a sparkling altar of Nemelex Xobeh.
  1607 | D:3      | Found a shadowy altar of Dithmenos.
  1666 | D:3      | Found a white marble altar of Elyvilon.
  1667 | D:3      | Found a sacrificial altar of Ru.
  1674 | D:3      | Found a shimmering blue altar of Sif Muna.
  1678 | D:3      | Became a worshipper of Ru the Awakened
  1752 | D:3      | Found a glowing drain.
  1846 | D:3      | Reached skill level 1 in Shields
  1851 | D:3      | Reached XP level 5. HP: 11/34 MP: 5/5
  1859 | Sewer    | Entered a sewer
  2032 | Sewer    | Reached skill level 4 in Shapeshifting
  2445 | D:3      | Reached XP level 6. HP: 39/39 MP: 6/6
  2927 | D:4      | Found a staircase to the Ecumenical Temple.
  2945 | D:3      | Slain by an orc wizard

Illustrated notes

Levels and vault maps discovered:
D:1:      dpeg_arrival_radiant, layout_loops_cross, serial_shops, shop,
          hellmonk_ecumenical_altar_watching_god
D:2:      layout_basic
D:3:      minmay_door_path, layout_basic, grunt_temple_overflow_open,
          gup_sewer_entry_glass
D:4:      layout_basic, okawaru_gym_becter, minmay_temple_entry_overgrown,
          gammafunk_ghost_smash, guppyfry_early_lair_pool, uniq_sigmund

Skill      XL: |  1  2  3  4  5 |
---------------+----------------+-----
Ranged Weapons | 1 |  1.8
Shields        | 1 |  1.7
Fighting       | 2 |  2.3
Shapeshifting  | 4 |  4.2
Dodging        | |  2.9
Unarmed Combat | |  3.6

Action                     |  1- 3 |  4- 6 || total
---------------------------+-------+-------++-------
  Melee: Unarmed           |    44 |   144 ||   188
         Constrict         |    11 |    37 ||    48
         Tentacles         |     9 |    20 ||    29
         Punch             |     2 |     7 ||     9
   Fire: Sling             |     4 |     2 ||     6
 Invoke: Reject Sacrifices |       |     1 ||     1
   Stab: Sleeping          |     6 |     8 ||    14
 Armour: Skin              |    14 |    52 ||    66
  Dodge: Dodged            |    18 |    63 ||    81
  Block: Buckler           |     3 |    16 ||    19

Table legend: (Time is in decaauts)
 A = Elapsed time spent in this place.
 B = Non-inter-level travel time spent in this place.
 C = Inter-level travel time spent in this place.
 D = Time resting spent in this place.
 E = Time spent auto-exploring this place.
 F = Levels seen in this place.
 G = Mean time per level.
                   A        B        C        D        E       F      G
               +--------+--------+--------+--------+--------+-----+--------+
         Total |   2940 |   2771 |    169 |    136 |   1975 |   5 |  588.0 |
       Dungeon |   2487 |   2318 |    169 |     56 |   1759 |   4 |  621.8 |
         Sewer |    452 |    452 |      0 |     80 |    216 |   1 |  452.0 |
               +--------+--------+--------+--------+--------+-----+--------+

Top non-repeatable levels by time:
     D:3: 873 daAuts
     D:1: 832 daAuts
     D:2: 774 daAuts
   Sewer: 452 daAuts
     D:4: 8 daAuts
